 Dungeon Crawl Stone Soup version 0.19-a0-1895-g783e625 (webtiles) character file.

959 Amnesiac the Ruffian (level 7, -1/71 HPs)
             Began as a Troll Berserker on Oct 18, 2016.
             Was a Believer of Trog.
             Succumbed to a water moccasin's poison
             ... on level 7 of the Dungeon.
             The game lasted 00:02:29 (1020 turns).

Amnesiac the Ruffian (Troll Berserker)              Turns: 1020, Time: 00:02:30

Health: -1/71      AC:  5    Str: 26    XL:     7   Next: 91%
Magic:  6/6        EV: 11    Int:  3    God:    Trog [**....]
Gold:   161        SH:  0    Dex: 11    Spells: 0 memorised, 6 levels left

rFire  . . .     SeeInvis .       - Unarmed
rCold  + . .     Gourm    +     a - +0 animal skin
rNeg   . . .     Faith    .     (no shield)
rPois  .         Spirit   .     (helmet restricted)
rElec  .         Reflect  .     (no cloak)
rCorr  .         Harm     .     (gloves unavailable)
MR     .....                    (boots unavailable)
Stlth  +.........               (no amulet)
                                (no ring)
                                l - ring of protection from cold

@: lethally poisoned (-1 -> -22), exhausted, slowed, very slow
A: unfitting armour, claws 3, fast metabolism 3, gourmand, regeneration 1,
shaggy fur 1, tough skin 2
a: Berserk, Trog's Hand, Burn Spellbooks, Renounce Religion


You were on level 7 of the Dungeon.
You worshipped Trog.
Trog was pleased with you.
You were very full.

You visited 1 branch of the dungeon, and saw 7 of its levels.

You collected 161 gold pieces.

Inventory:

Armour
 a - a +0 animal skin (worn)
Jewellery
 l - a ring of protection from cold (left claw)
 q - a +3 ring of evasion {unknown}
 r - a cursed ring of loudness {unknown}
Wands
 h - a wand of iceblast (7/15)
Scrolls
 d - a scroll of identify {unknown}
 e - 4 scrolls of remove curse {unknown}
 f - a scroll of magic mapping {unknown}
 k - a scroll of recharging {unknown}
 o - a scroll of random uselessness {unknown}
Potions
 c - a potion of beneficial mutation {unknown}
 g - a potion of resistance {unknown}
 i - a potion of cancellation {unknown}
 j - a potion of lignification {unknown}
 n - a potion of might {unknown}
Comestibles
 b - 3 bread rations
 m - 8 chunks of flesh
 p - 2 fruits


   Skills:
 + Level 4.4 Fighting
 + Level 4.4 Dodging
 * Level 7.2 Unarmed Combat


You had 6 spell levels left.
You didn't know any spells.

Dungeon Overview and Level Annotations

Branches:
Dungeon (7/15)
 Temple: D:4-7

Altars:
Ashenzari
Okawaru
Xom


Innate Abilities, Weirdness & Mutations

You are too large for most types of armour.
You have claws for hands.
Your metabolism is lightning-fast.
You like to eat raw meat.
Your natural rate of healing is unusually fast.
You are covered in fur. (AC +1)
You have very tough skin. (AC +2)


Message History

You claw the water moccasin!
The water moccasin is severely wounded.
* * * LOW HITPOINT WARNING * * *
You feel very sick. The water moccasin bites you!
* * * LOW HITPOINT WARNING * * *
You are more poisoned.
The water moccasin poisons you! The water moccasin closely misses you.
Okay, then.
You scratch the water moccasin. Your claw misses the water moccasin.
The water moccasin is almost dead.
* * * LOW HITPOINT WARNING * * *
You feel very sick.
The water moccasin completely misses you.
The water moccasin barely misses you.
You claw the water moccasin!
You kill the water moccasin!
Trog accepts your kill.
Your Unarmed Combat skill increases to level 7!
You die...

###+##'###[..#
#........##.###
#.........#.#
#.........#.##########
#.........#..........#
#.........##########.# #
#.........#.......##.# #.##
#......^..#.###.####.#
..... .......@.#.#.#.####.#
......########.#.#<....##.#
.......oo.ooooo#.########.#
.......#########.#.)......#
....o.. #.#.########
....... #...# ....... #####
###..## ##>


You could see an orc.

Vanquished Creatures
  Joseph (D:7)
  A water moccasin (D:7)
  An orc warrior (D:6)
  A scorpion (D:4)
  A vampire bat (D:4)
  A hound (D:4)
  2 orc priests (D:6)
  A centaur skeleton (D:7)
  An orc wizard (D:6)
  A worker ant (D:4)
  2 iguanas (D:4)
  4 adders
  2 dart slugs
  3 fire bats (D:4)
  7 orcs
  2 spectral bats (D:4)
  2 bat skeletons (D:4)
  A bat zombie (D:4)
  2 goblins
  3 hobgoblins (D:2)
  4 jackals (D:4)
  10 bats
  A bat simulacrum (D:4)
  3 frilled lizards
  A kobold (D:2)
  A rat (D:2)
59 creatures vanquished.

Notes
Turn   | Place    | Note
-------+----------+-------------------------------------------
     0 | D:1      | Amnesiac the Troll Berserker began the quest for the Orb.
     0 | D:1      | Reached XP level 1. HP: 22/22 MP: 0/0
     1 | D:1      | Noticed an electric eel
   188 | D:3      | Found a shimmering altar of Xom.
   206 | D:2      | Reached XP level 2. HP: 19/29 MP: 1/1
   305 | D:4      | Reached XP level 3. HP: 27/36 MP: 2/2
   319 | D:4      | Found a shattered altar of Ashenzari.
   400 | D:4      | Noticed a scorpion
   407 | D:4      | Killed a scorpion
   407 | D:4      | Reached skill level 4 in Unarmed Combat
   407 | D:4      | Reached XP level 4. HP: 45/45 MP: 3/3
   468 | D:4      | Reached ** piety under Trog
   476 | D:4      | Reached XP level 5. HP: 53/53 MP: 4/4
   554 | D:4      | Reached skill level 5 in Unarmed Combat
   601 | D:4      | Reached XP level 6. HP: 47/61 MP: 5/5
   703 | D:5      | Entered Level 5 of the Dungeon
   790 | D:6      | Noticed an orc warrior
   801 | D:6      | Killed an orc warrior
   818 | D:6      | Reached skill level 6 in Unarmed Combat
   829 | D:6      | Reached XP level 7. HP: 20/68 MP: 6/6
   886 | D:6      | Found an iron altar of Okawaru.
   977 | D:7      | Noticed Joseph
   998 | D:7      | Killed Joseph
  1019 | D:7      | HP: 2/70 [poisoned by a water moccasin]
  1020 | D:7      | Reached skill level 7 in Unarmed Combat
  1020 | D:7      | Succumbed to a water moccasin's poison

Vault maps used:
D:1:      arrival_aquarium_a, roderic_malta_cross
D:2:      marbit_many_paths
D:3:      xom_teletrap_fun
D:4:      kennysheep_mini, serial_shops, shop_statue, first_bread,
          goddamned_bats
D:5:      old_standard_altar
D:6:      nicolae_whirlpool, serial_shops, shop, okawaru_ov_weapons_minmay,
          uniq_grinder, uniq_pikel
D:7:      uniq_joseph

Skill      XL: |  1  2  3  4  5  6  7 |
---------------+----------------------+-----
Fighting       | 3 4 |  4.4
Dodging        | 3 4 |  4.4
Unarmed Combat | 4 5 6 7 |  7.2

Action                   |  1- 3 |  4- 6 |  7- 9 || total
-------------------------+-------+-------+-------++-------
Melee: Unarmed           |    46 |   111 |    19 ||   176
       Punch             |       |     2 |       ||     2
Invok: Berserk           |     1 |     1 |     1 ||     3
  Eat: Chunk             |     9 |     5 |     3 ||    17
Armor: Animal skin       |    10 |    99 |     2 ||   111
Dodge: Dodged            |    20 |   110 |    11 ||   141
